PA
PROVO MANGO @ DELAWARE 1787 BC
08/20/2037
 
TOP OF THE 1ST
Provo Mango batting - Pitching for Delaware 1787 BC : RHP Gaberiela Tatafu
Pitching: RHP Gaberiela Tatafu
Batting: RHB Ding-bong Wang 0-0: Bunt for hit to P - play at first, batter OUT! 1-3
Batting: RHB Kian Hook 0-0: Swinging Strike
0-1: Called Strike
0-2: Ball
1-2: Strikes out swinging
Batting: LHB Chan-ho Shinn 0-0: Ball
1-0: Ground out 4-3 (Groundball, 34, EV 83.8 MPH)
Top of the 1st over - 0 runs, 0 hits, 0 errors, 0 left on base; Provo 0 - Delaware 0
BOTTOM OF THE 1ST
Delaware 1787 BC batting - Pitching for Provo Mango : RHP Robin Colcord
Pitching: RHP Robin Colcord
Batting: LHB David de Meij 0-0: Ball
1-0: SINGLE (Line Drive, 7S, EV 89.4 MPH)
Batting: RHB Yong-ho Jheon 0-0: Called Strike
0-1: Ball
1-1: Foul Ball, location: 2F
1-2: Ball
2-2: Foul Ball, location: 2F
2-2: Fly out, F8 (Flyball, 78D, EV 108.1 MPH)
Batting: SHB John Clements 0-0: Ball
1-0: Called Strike
1-1: Foul Ball, location: 2F
1-2: Ball
2-2: Fly out, F7 (Flyball, 7LD, EV 93.8 MPH)
Batting: LHB Tim Gonzáles 0-0: Called Strike
0-1: Ball
1-1: Fly out, F9 (Line Drive, 9D, EV 95.6 MPH)
Bottom of the 1st over - 0 runs, 1 hit, 0 errors, 1 left on base; Provo 0 - Delaware 0
TOP OF THE 2ND
Provo Mango batting - Pitching for Delaware 1787 BC : RHP Gaberiela Tatafu
Batting: LHB Braxton Cottongame 0-0: Ball
1-0: Swinging Strike
1-1: Called Strike
1-2: DOUBLE (Groundball, 3L, EV 101.9 MPH)
Batting: LHB José Jiménez 0-0: Ball
1-0: Ball
2-0: Called Strike
2-1: Ground out 5-3 (Groundball, 56, EV 96.9 MPH)
Batting: RHB Paul Prichard 0-0: Ball
1-0: Swinging Strike
1-1: Fly out, F8 (Flyball, 8RM, EV 93.1 MPH)
Batting: RHB Jesús Espinoza 0-0: Ball
1-0: Ball
2-0: Foul Ball, location: 2F
2-1: Foul Ball, location: 2F
2-2: SINGLE (Groundball, 4, EV 90.6 MPH) (infield hit)
Braxton Cottongame to third
Batting: SHB Will Hamilton 0-0: Ball
1-0: Fielders Choice at 2nd, 6-4 (Groundball, 56, EV 80.0 MPH)
Top of the 2nd over - 0 runs, 2 hits, 0 errors, 2 left on base; Provo 0 - Delaware 0
BOTTOM OF THE 2ND
Delaware 1787 BC batting - Pitching for Provo Mango : RHP Robin Colcord
Batting: LHB Ken Norris 0-0: Called Strike
0-1: Fly out, F7 (Flyball, 7, EV 84.4 MPH)
Batting: RHB Abhipala Srivastav 0-0: Hit by Pitch
Batting: RHB Lloyd van Grootveld 0-0: Called Strike
0-1: Ball
1-1: Ball
2-1: Ground out 6-3 (Groundball, 6S, EV 71.9 MPH)
Abhipala Srivastav to second
Batting: SHB Elvis Parker 0-0: Foul Ball, location: 2F
0-1: Ground out 1-3 (Groundball, 34S, EV 84.4 MPH)
Bottom of the 2nd over - 0 runs, 0 hits, 0 errors, 1 left on base; Provo 0 - Delaware 0
TOP OF THE 3RD
Provo Mango batting - Pitching for Delaware 1787 BC : RHP Gaberiela Tatafu
Batting: RHB Charley Foijens 0-0: Ground out 6-3 (Groundball, 6, EV 89.4 MPH)
Batting: RHB Ding-bong Wang 0-0: Ball
1-0: Ball
2-0: Called Strike
2-1: SINGLE (Line Drive, 4MD, EV 95.0 MPH)
Batting: RHB Kian Hook 0-0: Ball
1-0: Ball
2-0: Ground out 6-3 (Groundball, 6MS, EV 79.4 MPH)
Ding-bong Wang to second
Batting: LHB Chan-ho Shinn 0-0: Called Strike
0-1: Ball
1-1: Swinging Strike
1-2: Ground out 5-3 (Groundball, 56, EV 101.9 MPH)
Top of the 3rd over - 0 runs, 1 hit, 0 errors, 1 left on base; Provo 0 - Delaware 0
BOTTOM OF THE 3RD
Delaware 1787 BC batting - Pitching for Provo Mango : RHP Robin Colcord
Batting: RHB Trevor Boele 0-0: Ball
1-0: Swinging Strike
1-1: Foul Ball, location: 2F
1-2: Ball
2-2: Ground out 6-3 (Groundball, 6, EV 98.8 MPH)
Batting: LHB David de Meij 0-0: SINGLE (Line Drive, 56, EV 96.2 MPH)
Batting: RHB Yong-ho Jheon 0-0: Ball
1-0: SINGLE (Line Drive, 9LS, EV 87.5 MPH)
David de Meij to second
Runner from 2nd tries for 3rd, SAFE, throw by RF made to third
Batting: SHB John Clements 0-0: Fly out, F7 (Flyball, 7S, EV 76.2 MPH)
Batting: LHB Tim Gonzáles 0-0: Ball
1-0: Foul Ball, location: 2F
1-1: Ball
2-1: Foul Ball, location: 2F
2-2: Fly out, F8 (Flyball, 8RS, EV 83.8 MPH)
Bottom of the 3rd over - 0 runs, 2 hits, 0 errors, 2 left on base; Provo 0 - Delaware 0
TOP OF THE 4TH
Provo Mango batting - Pitching for Delaware 1787 BC : RHP Gaberiela Tatafu
Batting: LHB Braxton Cottongame 0-0: Swinging Strike
0-1: Ball
1-1: Foul Ball, location: 2F
1-2: Ball
2-2: Ball
3-2: Fly out, F8 (Flyball, 8LD, EV 91.2 MPH)
Batting: LHB José Jiménez 0-0: Swinging Strike
0-1: SOLO HOME RUN (Flyball, 89XD, EV 95.0 MPH), Distance : 400 ft
Batting: RHB Paul Prichard 0-0: Called Strike
0-1: Ball
1-1: Ball
2-1: Foul Ball, location: 2F
2-2: Strikes out swinging
Batting: RHB Jesús Espinoza 0-0: Ball
1-0: Foul Ball, location: 2F
1-1: Swinging Strike
1-2: Strikes out swinging
Top of the 4th over - 1 run, 1 hit, 0 errors, 0 left on base; Provo 1 - Delaware 0
BOTTOM OF THE 4TH
Delaware 1787 BC batting - Pitching for Provo Mango : RHP Robin Colcord
Batting: LHB Ken Norris 0-0: Ground out 4-3 (Groundball, 4, EV 81.2 MPH)
Batting: RHB Abhipala Srivastav 0-0: Called Strike
0-1: Ball
1-1: Foul Ball, location: 2F
1-2: Foul Ball, location: 2F
1-2: Ground out 5-3 (Groundball, 56, EV 77.5 MPH)
Batting: RHB Lloyd van Grootveld 0-0: Ball
1-0: Ball
2-0: Foul Ball, location: 2F
2-1: Ball
3-1: Ground out 5-3 (Groundball, 56, EV 106.9 MPH)
Bottom of the 4th over - 0 runs, 0 hits, 0 errors, 0 left on base; Provo 1 - Delaware 0
TOP OF THE 5TH
Provo Mango batting - Pitching for Delaware 1787 BC : RHP Gaberiela Tatafu
Batting: SHB Will Hamilton 0-0: Foul Ball, location: 2F
0-1: Foul Ball, location: 2F
0-2: SINGLE (Flyball, 78M, EV 95.6 MPH)
Batting: RHB Charley Foijens 0-0: Bunted foul
0-1: Sac Bunt to 23 - play at first, batter OUT! 3-4
Will Hamilton to second
Batting: RHB Ding-bong Wang 0-0: SINGLE (Popup, 3D, EV 44.4 MPH)
Will Hamilton to third
Batting: RHB Kian Hook 0-0: Ball
Ding-bong Wang steals 2nd base (no throw)
1-0: SINGLE (Groundball, 6MD, EV 97.5 MPH)
Will Hamilton scores
Ding-bong Wang to third
Batting: LHB Chan-ho Shinn 0-0: Called Strike
0-1: Ball
1-1: Called Strike
1-2: Strikes out looking
Batting: LHB Braxton Cottongame 0-0: Ball
1-0: Ball
2-0: SINGLE (Flyball, 7LS, EV 97.5 MPH)
Ding-bong Wang scores
Kian Hook to second
Batting: LHB José Jiménez 0-0: Ball
1-0: Foul Ball, location: 2F
1-1: Ball
2-1: Ball
3-1: Ground out 4-3 (Groundball, 4, EV 103.8 MPH)
Top of the 5th over - 2 runs, 4 hits, 0 errors, 2 left on base; Provo 3 - Delaware 0
BOTTOM OF THE 5TH
Delaware 1787 BC batting - Pitching for Provo Mango : RHP Robin Colcord
Batting: SHB Elvis Parker 0-0: SINGLE (Groundball, 34D, EV 95.6 MPH)
Batting: RHB Trevor Boele 0-0: Ball
1-0: Bunted foul
1-1: Ball
2-1: Bunted foul
2-2: Foul Ball, location: 2F
2-2: Strikes out swinging
Pitching: LHP Henry Burge
Batting: LHB David de Meij Pickoff Throw to First - Out! 1-3
0-0: Ball
1-0: Ball
2-0: Called Strike
2-1: Ground out 6-3 (Groundball, 6S, EV 91.9 MPH)
Bottom of the 5th over - 0 runs, 1 hit, 0 errors, 0 left on base; Provo 3 - Delaware 0
TOP OF THE 6TH
Provo Mango batting - Pitching for Delaware 1787 BC : RHP Gaberiela Tatafu
Batting: RHB Paul Prichard 0-0: Fly out, F8 (Flyball, 8LS, EV 93.8 MPH)
Batting: RHB Jesús Espinoza 0-0: Called Strike
0-1: Swinging Strike
0-2: Foul Ball, location: 2F
0-2: Foul Ball, location: 2F
0-2: Strikes out looking
Batting: SHB Will Hamilton 0-0: Ball
1-0: Ball
2-0: Ball
3-0: Called Strike
3-1: Base on Balls
Batting: RHB Charley Foijens 0-0: Swinging Strike
0-1: Fly out, F5 (Popup, 5F, EV 77.5 MPH)
Top of the 6th over - 0 runs, 0 hits, 0 errors, 1 left on base; Provo 3 - Delaware 0
BOTTOM OF THE 6TH
Delaware 1787 BC batting - Pitching for Provo Mango : LHP Henry Burge
Batting: RHB Yong-ho Jheon 0-0: Ground out 1-3 (Groundball, P, EV 76.9 MPH)
Batting: SHB John Clements 0-0: Ball
1-0: Ball
2-0: Ball
3-0: Foul Ball, location: 2F
3-1: Base on Balls
Batting: LHB Tim Gonzáles 0-0: Ball
1-0: Fly out, F9 (Flyball, 9, EV 95.0 MPH)
Batting: LHB Ken Norris 0-0: Ball
1-0: Called Strike
John Clements steals 2nd base
1-1: Ball
2-1: Foul Ball, location: 2F
2-2: Strikes out swinging
Bottom of the 6th over - 0 runs, 0 hits, 0 errors, 1 left on base; Provo 3 - Delaware 0
TOP OF THE 7TH
Provo Mango batting - Pitching for Delaware 1787 BC : RHP Gaberiela Tatafu
Batting: RHB Ding-bong Wang 0-0: Called Strike
0-1: Ball
1-1: Foul Ball, location: 2F
1-2: Foul Ball, location: 2F
1-2: Foul Ball, location: 2F
1-2: Foul Ball, location: 2F
1-2: Ground out 3-1 (Groundball, 34, EV 100.6 MPH)
Batting: RHB Kian Hook 0-0: Called Strike
0-1: Called Strike
0-2: Ball
1-2: Ball
2-2: Ball
3-2: Foul Ball, location: 2F
3-2: Strikes out swinging
Batting: LHB Chan-ho Shinn 0-0: Called Strike
0-1: Called Strike
0-2: Ball
1-2: Strikes out looking
Top of the 7th over - 0 runs, 0 hits, 0 errors, 0 left on base; Provo 3 - Delaware 0
BOTTOM OF THE 7TH
Delaware 1787 BC batting - Pitching for Provo Mango : LHP Henry Burge
Batting: RHB Abhipala Srivastav 0-0: Ground out 6-3 (Groundball, 6, EV 105.0 MPH)
Batting: RHB Lloyd van Grootveld 0-0: Ball
1-0: Ball
2-0: Ball
3-0: Base on Balls
Batting: SHB Elvis Parker 0-0: Ball
1-0: Grounds into double play, 5-4-3 (Groundball, 56, EV 106.9 MPH)
Bottom of the 7th over - 0 runs, 0 hits, 0 errors, 0 left on base; Provo 3 - Delaware 0
TOP OF THE 8TH
Provo Mango batting - Pitching for Delaware 1787 BC : RHP Gaberiela Tatafu
Batting: LHB Braxton Cottongame 0-0: Ball
1-0: Ball
2-0: Called Strike
2-1: Foul Ball, location: 2F
2-2: Strikes out swinging
Pitching: RHP Boyd Brennan
Batting: LHB José Jiménez 0-0: Foul Ball, location: 2F
0-1: Ball
1-1: Fly out, F9 (Flyball, 9, EV 92.5 MPH)
Batting: RHB Paul Prichard 0-0: Called Strike
0-1: Swinging Strike
0-2: SOLO HOME RUN (Flyball, 7LD, EV 101.9 MPH), Distance : 326 ft
Batting: RHB Jesús Espinoza 0-0: Ball
1-0: Called Strike
1-1: Foul Ball, location: 2F
1-2: Strikes out looking
Top of the 8th over - 1 run, 1 hit, 0 errors, 0 left on base; Provo 4 - Delaware 0
BOTTOM OF THE 8TH
Delaware 1787 BC batting - Pitching for Provo Mango : LHP Henry Burge
Batting: RHB Trevor Boele 0-0: Ball
1-0: Fly out, F9 (Flyball, 9D, EV 99.4 MPH)
Batting: LHB David de Meij 0-0: Called Strike
0-1: Ground out 6-3 (Groundball, 6, EV 78.8 MPH)
Batting: RHB Yong-ho Jheon 0-0: Called Strike
0-1: Ball
1-1: Ball
2-1: Fly out, F8 (Flyball, 8RM, EV 79.4 MPH)
Bottom of the 8th over - 0 runs, 0 hits, 0 errors, 0 left on base; Provo 4 - Delaware 0
TOP OF THE 9TH
Provo Mango batting - Pitching for Delaware 1787 BC : RHP Boyd Brennan
Batting: SHB Will Hamilton 0-0: Ball
1-0: Ball
2-0: Swinging Strike
2-1: Foul Ball, location: 2F
2-2: Strikes out swinging
Batting: RHB Charley Foijens 0-0: Foul Ball, location: 2F
0-1: Fly out, F5 (Popup, 5SF, EV 78.8 MPH)
Batting: RHB Ding-bong Wang 0-0: Ground out 5-3 (Groundball, 56S, EV 83.8 MPH)
Top of the 9th over - 0 runs, 0 hits, 0 errors, 0 left on base; Provo 4 - Delaware 0
BOTTOM OF THE 9TH
Delaware 1787 BC batting - Pitching for Provo Mango : LHP Henry Burge
Batting: SHB John Clements 0-0: Swinging Strike
0-1: Ball
1-1: Ball
2-1: Ball
3-1: Foul Ball, location: 2F
3-2: Foul Ball, location: 2F
3-2: SINGLE (Groundball, 56D, EV 98.8 MPH)
Batting: LHB Tim Gonzáles 0-0: Swinging Strike
0-1: Ball
1-1: Ball
2-1: Foul Ball, location: 2F
2-2: DOUBLE (Line Drive, 89D, EV 104.4 MPH)
John Clements to third
Pitching: LHP Walt Hart
Batting: LHB Ken Norris 0-0: DOUBLE (Flyball, 89XD, EV 108.1 MPH)
John Clements scores
Tim Gonzáles scores
Batting: RHB Abhipala Srivastav 0-0: Foul Ball, location: 2F
0-1: Ball
1-1: Fly out, F5 (Popup, 56, EV 66.2 MPH)
Batting: RHB Lloyd van Grootveld 0-0: Called Strike
0-1: Called Strike
0-2: Strikes out swinging
Pinch Hitting: RHB Anass Balfakir 0-0: Ball
1-0: Hit by Pitch
Batting: RHB Trevor Boele 0-0: Fielders Choice at 2nd, 5-4 (Groundball, 5, EV 81.2 MPH)
Bottom of the 9th over - 2 runs, 3 hits, 0 errors, 2 left on base; Provo 4 - Delaware 2
Thursday, January 23rd, 2020 - OOTP Baseball 20.8 Build 74